 Dungeon Crawl Stone Soup version 0.17.1-2-g5865329 (webtiles) character file.

75 PossumBlood the Magician (level 4, -1/24 HPs)
             Began as a Deep Elf Wizard on Jan 21, 2016.
             Slain by an adder (2 damage)
             ... on level 2 of the Dungeon.
             The game lasted 00:12:50 (2008 turns).

PossumBlood the Magician (Deep Elf Wizard)          Turns: 2008, Time: 00:12:50

Health: -1/24      AC:  3    Str:  4    XL:     4   Next: 11%
Magic:  1/14       EV: 12    Int: 24    God:
Gold:   64         SH:  0    Dex: 13    Spells: 6 memorised, 3 levels left

rFire  + . .     SeeInvis .     (no weapon)
rCold  + . .     Clarity  .     a - +0 robe
rNeg   . . .     SustAt   .     (no shield)
rPois  +         Gourm    .     b - +0 hat
rElec  +         Spirit   .     (no cloak)
rCorr  +         Warding  .     (no gloves)
rMut   .         Stasis   .     g - +0 pair of boots
MR     .....                    (no amulet)
Stlth  ++........               (no ring)
                                (no ring)

@: resistant, not resistant to hostile enchantments, unstealthy
A: no striking features
a: no special abilities


You were on level 2 of the Dungeon.
You were not hungry.

You visited 1 branch of the dungeon, and saw 2 of its levels.

You collected 64 gold pieces.

Inventory:

Armour
 a - a +0 robe (worn)
 b - a +0 hat (worn)
 g - a +0 pair of boots (worn)
Jewellery
 f - an uncursed amulet of guardian spirit
Potions
 e - a potion of haste
 i - a potion of resistance
Books
 c - a book of Minor Magic

   Spells                             Type                      Level
   a - Magic Dart                     Conjuration                  1
   b - Blink                          Translocation                2
   c - Call Imp                       Summoning                    2
   d - Repel Missiles                 Charms/Air                   2
   e - Slow                           Hexes                        2
   f - Conjure Flame                  Conjuration/Fire             3
   g - Mephitic Cloud                 Conjuration/Poison/Air       3
Comestibles
 d - 2 bread rations


   Skills:
 - Level 2.4 Dodging
 - Level 2.4 Stealth
 + Level 6.9 Spellcasting
 - Level 1.1 Conjurations
   Level 1.1 Summonings
 - Level 1.1 Translocations


You had 3 spell levels left.
You knew the following spells:

 Your Spells              Type           Power        Failure   Level  Hunger
a - Magic Dart            Conj           ##..         6%          1    None
b - Blink                 Tloc           N/A          10%         2    None
c - Repel Missiles        Chrm/Air       #.....       12%         2    None
d - Slow                  Hex            #.......     12%         2    None
e - Conjure Flame         Conj/Fire      ##......     21%         3    None
f - Mephitic Cloud        Conj/Pois/Air  ##......     21%         3    None


Dungeon Overview and Level Annotations

Branches:
Dungeon (2/15)

Altars:
Cheibriados


Message History

The adder bites you.
* * * LOW HITPOINT WARNING * * *
The adder closely misses you.
You barely miss the adder.
The adder is severely wounded.
The adder closely misses you.
You hit the adder.
The adder is almost dead.
The adder bites you.
* * * LOW HITPOINT WARNING * * *
You hit the adder.
The adder is almost dead.
The adder bites you but does no damage.
You closely miss the adder.
The adder is almost dead.
The adder barely misses you. The adder bites you but does no damage.
You hit the adder.
The adder is almost dead.
The adder bites you.
You die...

#....#.####.#........#####
.#..<.....(...##.(...((((#####.g.
.....######g####(.##..##g(...g.gg
#.#.....# #.# #..##..#########g.
.....##.###g# #g.##....#
.........##.# #gg.†....#
.....##..##.####g###....#
#......†....)..#S# #...##
#...###..##.....@###...# #...# #.
#####...>.....# #...# #
#.#####.#.# ..... #.# #[#..
....## #.# .#.## #.... ..# ##..##
#.# #.# #.#


You could see an adder and 4 goblins.

Vanquished Creatures
  2 adders (D:2)
  An ooze (D:1)
  3 giant geckos
  4 bats
  A giant cockroach (D:1)
  9 goblins
  6 hobgoblins
  6 jackals
  4 ball pythons
  A giant newt (D:1)
  6 kobolds (D:1)
  3 rats (D:1)
46 creatures vanquished.

Notes
Turn   | Place    | Note
--------------------------------------------------------------
     0 | D:1      | PossumBlood the Deep Elf Wizard began the quest for the Orb.
     0 | D:1      | Reached XP level 1. HP: 10/10 MP: 7/7
   179 | D:1      | Reached skill level 5 in Spellcasting
   322 | D:1      | Reached XP level 2. HP: 15/15 MP: 1/10
   623 | D:1      | Reached XP level 3. HP: 16/19 MP: 0/12
   907 | D:1      | Learned a level 2 spell: Blink
   910 | D:1      | Learned a level 2 spell: Repel Missiles
   913 | D:1      | Learned a level 2 spell: Slow
   917 | D:1      | Learned a level 3 spell: Conjure Flame
   921 | D:1      | Learned a level 3 spell: Mephitic Cloud
   999 | D:1      | Reached skill level 6 in Spellcasting
  1860 | D:2      | Reached XP level 4. HP: 20/24 MP: 7/14
  1927 | D:2      | Found a snail-covered altar of Cheibriados.
  2005 | D:2      | HP: 1/24 [adder (2)]
  2008 | D:2      | Slain by an adder

Action                   |  1- 3 |  4- 6 || total
-------------------------+-------+-------++-------
Melee: Unarmed           |     2 |    13 ||    15
 Cast: Magic Dart        |   103 |    17 ||   120
       Conjure Flame     |       |     3 ||     3
  Use: Potion            |     2 |     3 ||     5
  Eat: Bread ration      |     1 |       ||     1
